MID
FORT WAYNE TINCAPS @ GREAT LAKES LOONS
07/07/2044
 
TOP OF THE 1ST
Fort Wayne TinCaps batting - Pitching for Great Lakes Loons : RHP Jeremy Stock
Pitching: RHP Jeremy Stock
Batting: SHB Adam Martin 0-0: Called Strike
0-1: Ground out 6-3 (Groundball, 6, EV 101.9 MPH)
Batting: RHB Rodolfo Rivera 0-0: Foul Ball, location: 2F
0-1: Swinging Strike
0-2: Ball
1-2: Foul Ball, location: 2F
1-2: Fly out, F9 (Flyball, 9LS, EV 75.6 MPH)
Batting: LHB James Sousa 0-0: Ball
1-0: Ball
2-0: Ball
3-0: Base on Balls
Batting: RHB Juan Martinez 0-0: Ball
1-0: Ground out 1-3 (Groundball, 15, EV 73.1 MPH)
Top of the 1st over - 0 runs, 0 hits, 0 errors, 1 left on base; Fort Wayne 0 - Great Lakes 0
BOTTOM OF THE 1ST
Great Lakes Loons batting - Pitching for Fort Wayne TinCaps : LHP Blaine Whitmore
Pitching: LHP Blaine Whitmore
Batting: RHB Ken Jenkins 0-0: Ball
1-0: Foul Ball, location: 2F
1-1: Ball
2-1: Ball
3-1: Reached on error, E4 (Groundball, 4S, EV 76.3 MPH)
Batting: RHB Alex Mejia 0-0: Swinging Strike
0-1: Ground out 1-3 (Groundball, 25, EV 64.4 MPH)
Batting: LHB Antonio Luis 0-0: Ball
1-0: Ground out 1-3 (Groundball, 34S, EV 72.5 MPH)
Ken Jenkins to third
Batting: LHB Jim Chalk 0-0: Called Strike
0-1: Ball
1-1: Called Strike
1-2: Fly out, F7 (Flyball, 78D, EV 88.1 MPH)
Bottom of the 1st over - 0 runs, 0 hits, 1 error, 1 left on base; Fort Wayne 0 - Great Lakes 0
TOP OF THE 2ND
Fort Wayne TinCaps batting - Pitching for Great Lakes Loons : RHP Jeremy Stock
Batting: LHB Mike Schermerhorn 0-0: Ball
1-0: Ball
2-0: Ball
3-0: Base on Balls
Batting: SHB Josh Parker 0-0: Foul Ball, location: 2F
0-1: Ball
1-1: Fly out, F8 (Flyball, 8LM, EV 88.1 MPH)
Batting: LHB Angel Mejia 0-0: Ball
1-0: Ball
2-0: Swinging Strike
2-1: Fly out, F9 (Flyball, 89M, EV 83.1 MPH)
Batting: RHB Davey Verhoog 0-0: Called Strike
0-1: Foul Ball, location: 2F
0-2: SINGLE (Groundball, 6MS, EV 71.3 MPH) (infield hit)
Mike Schermerhorn to second
Batting: RHB Rich Justice 0-0: Swinging Strike
0-1: Ball
1-1: Ground out U3 (Groundball, 3, EV 104.4 MPH)
Top of the 2nd over - 0 runs, 1 hit, 0 errors, 2 left on base; Fort Wayne 0 - Great Lakes 0
BOTTOM OF THE 2ND
Great Lakes Loons batting - Pitching for Fort Wayne TinCaps : LHP Blaine Whitmore
Batting: LHB Alberto Chavez 0-0: Ball
1-0: Foul Ball, location: 2F
1-1: Ball
2-1: Foul Ball, location: 2F
2-2: Foul Ball, location: 2F
2-2: SINGLE (Groundball, 34D, EV 94.4 MPH)
Batting: RHB Ashton Crenshaw 0-0: Ball
1-0: Called Strike
1-1: Foul Ball, location: 2F
1-2: Strikes out swinging
Batting: RHB Phil Knox 0-0: Called Strike
0-1: Called Strike
0-2: Ball
1-2: Ball
2-2: Strikes out swinging
Batting: RHB Josh Kimbrell 0-0: Called Strike
0-1: Swinging Strike
0-2: Ground out 5-3 (Groundball, 56S, EV 83.1 MPH)
Bottom of the 2nd over - 0 runs, 1 hit, 0 errors, 1 left on base; Fort Wayne 0 - Great Lakes 0
TOP OF THE 3RD
Fort Wayne TinCaps batting - Pitching for Great Lakes Loons : RHP Jeremy Stock
Batting: SHB Adam Martin 0-0: Ball
1-0: Foul Ball, location: 2F
1-1: Foul Ball, location: 2F
1-2: Foul Ball, location: 2F
1-2: Foul Ball, location: 2F
1-2: Ground out 2-3 (Groundball, 2L, EV 68.8 MPH)
Batting: RHB Rodolfo Rivera 0-0: Ball
1-0: Foul Ball, location: 2F
1-1: Foul Ball, location: 2F
1-2: Ground out 4-3 (Groundball, 4M, EV 88.8 MPH)
Batting: LHB James Sousa 0-0: Ball
1-0: Foul Ball, location: 2F
1-1: Ball
2-1: Ball
3-1: Ground out 4-3 (Groundball, 4, EV 101.9 MPH)
Top of the 3rd over - 0 runs, 0 hits, 0 errors, 0 left on base; Fort Wayne 0 - Great Lakes 0
BOTTOM OF THE 3RD
Great Lakes Loons batting - Pitching for Fort Wayne TinCaps : LHP Blaine Whitmore
Batting: RHB Santos Guadalupe 0-0: Called Strike
0-1: Swinging Strike
0-2: Ground out 6-3 (Groundball, 56, EV 88.8 MPH)
Batting: RHB Ken Jenkins 0-0: Ball
1-0: Foul Ball, location: 2F
1-1: Ball
2-1: Foul Ball, location: 2F
2-2: Strikes out swinging
Batting: RHB Alex Mejia 0-0: Ball
1-0: Called Strike
1-1: Fly out, F8 (Flyball, 8LM, EV 89.4 MPH)
Bottom of the 3rd over - 0 runs, 0 hits, 0 errors, 0 left on base; Fort Wayne 0 - Great Lakes 0
TOP OF THE 4TH
Fort Wayne TinCaps batting - Pitching for Great Lakes Loons : RHP Jeremy Stock
Batting: RHB Juan Martinez 0-0: Called Strike
0-1: Ball
1-1: Ball
2-1: Foul Ball, location: 2F
2-2: DOUBLE (Groundball, 5L, EV 111.3 MPH)
Batting: LHB Mike Schermerhorn 0-0: Called Strike
0-1: Ball
Juan Martinez steals 3rd base
1-1: Ball
2-1: Ball
3-1: Base on Balls
Batting: SHB Josh Parker 0-0: Ball
1-0: Foul Ball, location: 2F
1-1: Swinging Strike
1-2: Foul Ball, location: 2F
1-2: Foul Ball, location: 2F
1-2: Foul Ball, location: 2F
1-2: Ball
2-2: Strikes out swinging
Batting: LHB Angel Mejia 0-0: Foul Ball, location: 2F
0-1: Called Strike
0-2: Strikes out looking
Batting: RHB Davey Verhoog 0-0: Ball
1-0: Ball
2-0: Ball
3-0: Called Strike
3-1: Base on Balls
Mike Schermerhorn to second
Batting: RHB Rich Justice 0-0: Ball
1-0: Ball
2-0: SINGLE (Line Drive, 34D, EV 94.4 MPH)
Juan Martinez scores
Mike Schermerhorn to third
Davey Verhoog to second
Batting: SHB Adam Martin 0-0: Foul Ball, location: 2F
0-1: Foul Ball, location: 2F
0-2: Foul Ball, location: 2F
0-2: Foul Ball, location: 2F
0-2: Foul Ball, location: 2F
0-2: SINGLE (Groundball, 56S, EV 64.4 MPH) (infield hit)
Mike Schermerhorn scores
Davey Verhoog to third
Rich Justice to second
Batting: RHB Rodolfo Rivera 0-0: Fly out, F6 (Flyball, 6MD, EV 86.3 MPH)
Top of the 4th over - 2 runs, 3 hits, 0 errors, 3 left on base; Fort Wayne 2 - Great Lakes 0
BOTTOM OF THE 4TH
Great Lakes Loons batting - Pitching for Fort Wayne TinCaps : LHP Blaine Whitmore
Batting: LHB Antonio Luis 0-0: Fly out, F9 (Line Drive, 9D, EV 92.5 MPH)
Batting: LHB Jim Chalk 0-0: Ball
1-0: Ball
2-0: Ball
3-0: Ground out U3 (Groundball, 3L, EV 87.5 MPH)
Batting: LHB Alberto Chavez 0-0: Called Strike
0-1: Foul Ball, location: 2F
0-2: Ball
1-2: Ball
2-2: Ball
3-2: Fly out, F9 (Flyball, 9S, EV 88.1 MPH)
Bottom of the 4th over - 0 runs, 0 hits, 0 errors, 0 left on base; Fort Wayne 2 - Great Lakes 0
TOP OF THE 5TH
Fort Wayne TinCaps batting - Pitching for Great Lakes Loons : RHP Jeremy Stock
Pitching: RHP Servaas Morrow
Batting: LHB James Sousa 0-0: Called Strike
0-1: Ball
1-1: Called Strike
1-2: Ball
2-2: Strikes out swinging
Batting: RHB Juan Martinez 0-0: Called Strike
0-1: Ball
1-1: Foul Ball, location: 2F
1-2: SINGLE (Groundball, 34D, EV 100.6 MPH)
Batting: LHB Mike Schermerhorn 0-0: Ball
1-0: Called Strike
Juan Martinez steals 2nd base (no throw)
1-1: Ball
2-1: Ball
Juan Martinez steals 3rd base
3-1: Base on Balls
Batting: SHB Josh Parker 0-0: Foul Ball, location: 2F
0-1: SINGLE (Groundball, 6MD, EV 104.4 MPH)
Juan Martinez scores
Mike Schermerhorn to second
Runner from 2nd tries for 3rd, SAFE, throw by CF made to third
Batting: LHB Angel Mejia 0-0: Ball
1-0: Ball
2-0: Ball
3-0: Called Strike
3-1: Ground out 6-3 (Groundball, 4M, EV 87.5 MPH)
Josh Parker to second
Pitching: RHP Mark McDonald
Batting: RHB Davey Verhoog 0-0: Foul Ball, location: 2F
0-1: Ball
Wild Pitch!
Mike Schermerhorn scores
Josh Parker to third
1-1: Ball
2-1: Ground out 4-3 (Groundball, 34, EV 92.5 MPH)
Top of the 5th over - 2 runs, 2 hits, 0 errors, 1 left on base; Fort Wayne 4 - Great Lakes 0
BOTTOM OF THE 5TH
Great Lakes Loons batting - Pitching for Fort Wayne TinCaps : LHP Blaine Whitmore
Batting: RHB Ashton Crenshaw 0-0: Ball
1-0: Foul Ball, location: 2F
1-1: Fly out, F9 (Flyball, 9LM, EV 91.3 MPH)
Batting: RHB Phil Knox 0-0: Called Strike
0-1: Ball
1-1: Ball
2-1: Foul Ball, location: 2F
2-2: Foul Ball, location: 2F
2-2: Strikes out swinging
Batting: RHB Josh Kimbrell 0-0: Fly out, F7 (Line Drive, 7D, EV 88.8 MPH)
Bottom of the 5th over - 0 runs, 0 hits, 0 errors, 0 left on base; Fort Wayne 4 - Great Lakes 0
TOP OF THE 6TH
Fort Wayne TinCaps batting - Pitching for Great Lakes Loons : RHP Mark McDonald
Batting: RHB Rich Justice 0-0: Ball
1-0: Ball
2-0: Called Strike
2-1: Foul Ball, location: 2F
2-2: Ball
3-2: Foul Ball, location: 2F
3-2: Foul Ball, location: 2F
3-2: Foul Ball, location: 2F
3-2: Strikes out swinging
Batting: SHB Adam Martin 0-0: Ball
1-0: Foul Ball, location: 2F
1-1: Ball
2-1: Foul Ball, location: 2F
2-2: Ground out U3 (Groundball, 3L, EV 83.8 MPH)
Pitching: LHP Bill Esten
Batting: RHB Rodolfo Rivera 0-0: SINGLE (Line Drive, 7S, EV 98.1 MPH)
Batting: LHB James Sousa 0-0: Called Strike
Rodolfo Rivera steals 2nd base (no throw)
0-1: Ball
1-1: Ball
2-1: Ball
3-1: Ground out 4-3 (Groundball, 4, EV 80.0 MPH)
Top of the 6th over - 0 runs, 1 hit, 0 errors, 1 left on base; Fort Wayne 4 - Great Lakes 0
BOTTOM OF THE 6TH
Great Lakes Loons batting - Pitching for Fort Wayne TinCaps : LHP Blaine Whitmore
Batting: RHB Santos Guadalupe 0-0: Fly out, F9 (Flyball, 9LS, EV 95.6 MPH)
Batting: RHB Ken Jenkins 0-0: Ball
1-0: Foul Ball, location: 2F
1-1: Ball
2-1: Foul Ball, location: 2F
2-2: Strikes out looking
Batting: RHB Alex Mejia 0-0: Called Strike
0-1: Ball
1-1: Ball
2-1: Foul Ball, location: 2F
2-2: Foul Ball, location: 2F
2-2: Ball
3-2: Ground out 3-1 (Groundball, 34S, EV 89.4 MPH)
Bottom of the 6th over - 0 runs, 0 hits, 0 errors, 0 left on base; Fort Wayne 4 - Great Lakes 0
TOP OF THE 7TH
Fort Wayne TinCaps batting - Pitching for Great Lakes Loons : LHP Bill Esten
Batting: RHB Juan Martinez 0-0: Called Strike
0-1: Ground out 1-3 (Groundball, 13S, EV 65.6 MPH)
Batting: LHB Mike Schermerhorn 0-0: Called Strike
0-1: Ball
1-1: Foul Ball, location: 2F
1-2: Ball
2-2: Fly out, F8 (Flyball, 8RM, EV 88.8 MPH)
Batting: SHB Josh Parker 0-0: Called Strike
0-1: Foul Ball, location: 2F
0-2: Ball
1-2: Ball
2-2: Foul Ball, location: 2F
2-2: Foul Ball, location: 2F
2-2: Fly out, F5 (Popup, 56S, EV 78.8 MPH)
Top of the 7th over - 0 runs, 0 hits, 0 errors, 0 left on base; Fort Wayne 4 - Great Lakes 0
BOTTOM OF THE 7TH
Great Lakes Loons batting - Pitching for Fort Wayne TinCaps : LHP Blaine Whitmore
Batting: LHB Antonio Luis 0-0: Ball
1-0: Foul Ball, location: 2F
1-1: Called Strike
1-2: SOLO HOME RUN (Flyball, 89XD, EV 97.5 MPH), Distance : 378 ft
Batting: LHB Jim Chalk 0-0: Ball
1-0: Foul Ball, location: 2F
1-1: Ball
2-1: Swinging Strike
2-2: Ball
3-2: Foul Ball, location: 2F
3-2: DOUBLE (Line Drive, 89D, EV 101.9 MPH)
Pitching: RHP Travis White
Batting: LHB Alberto Chavez 0-0: Called Strike
0-1: Fly out, F7 (Flyball, 7S, EV 94.4 MPH)
Batting: RHB Ashton Crenshaw 0-0: Ball
1-0: Ball
2-0: Fly out, F9 (Flyball, 9LD, EV 81.3 MPH)
Runner from 2nd tags up, SAFE at 3rd, no throw by RF
Batting: RHB Phil Knox 0-0: Ball
1-0: Ball
2-0: Called Strike
2-1: Ball
3-1: DOUBLE (Flyball, 7LD, EV 91.3 MPH)
Jim Chalk scores
Batting: RHB Josh Kimbrell 0-0: Called Strike
0-1: Swinging Strike
0-2: Ball
1-2: Strikes out swinging
Bottom of the 7th over - 2 runs, 3 hits, 0 errors, 1 left on base; Fort Wayne 4 - Great Lakes 2
TOP OF THE 8TH
Fort Wayne TinCaps batting - Pitching for Great Lakes Loons : LHP Bill Esten
Pitching: RHP Bobby Primaticcio
Batting: LHB Angel Mejia 0-0: Ball
1-0: Ball
2-0: Ball
3-0: Called Strike
3-1: Base on Balls
Batting: RHB Davey Verhoog 0-0: Ball
1-0: Bunt missed!
1-1: Called Strike
Angel Mejia steals 2nd base
1-2: Ball
2-2: Ball
3-2: Base on Balls
Batting: RHB Rich Justice 0-0: Ball
1-0: Bunt missed!
1-1: Bunted foul
1-2: DOUBLE (Line Drive, 9LM, EV 103.1 MPH)
Angel Mejia scores
Davey Verhoog to third
Batting: SHB Adam Martin 0-0: Intentional Walk
Batting: RHB Rodolfo Rivera 0-0: Foul Ball, location: 2F
0-1: Fly out, F9 (Flyball, 9LM, EV 78.1 MPH)
Batting: LHB James Sousa 0-0: Called Strike
0-1: Ball
1-1: Ball
2-1: Ball
3-1: Swinging Strike
3-2: Base on Balls
Davey Verhoog scores
Rich Justice to third
Adam Martin to second
Pitching: RHP Adonis Loyd
Batting: RHB Juan Martinez 0-0: TRIPLE (Flyball, 89XD, EV 91.3 MPH)
Rich Justice scores
Adam Martin scores
James Sousa scores
Batting: LHB Mike Schermerhorn 0-0: Ball
1-0: Called Strike
1-1: Called Strike
1-2: Ball
2-2: Strikes out swinging
Batting: SHB Josh Parker 0-0: Called Strike
0-1: Ball
1-1: Ground out 4-3 (Groundball, 4, EV 85.0 MPH)
Top of the 8th over - 5 runs, 2 hits, 0 errors, 1 left on base; Fort Wayne 9 - Great Lakes 2
BOTTOM OF THE 8TH
Great Lakes Loons batting - Pitching for Fort Wayne TinCaps : RHP Travis White
Batting: RHB Santos Guadalupe 0-0: Ball
1-0: Called Strike
1-1: Ball
2-1: Foul Ball, location: 2F
2-2: SINGLE (Groundball, 6S, EV 71.9 MPH) (infield hit)
Batting: RHB Ken Jenkins 0-0: Called Strike
0-1: Ball
1-1: Fly out, F7 (Flyball, 78S, EV 78.8 MPH)
Batting: RHB Alex Mejia 0-0: Called Strike
0-1: Ball
1-1: Swinging Strike
1-2: Strikes out swinging
Batting: LHB Antonio Luis 0-0: Fly out, F8 (Flyball, 8RS, EV 88.1 MPH)
Bottom of the 8th over - 0 runs, 1 hit, 0 errors, 1 left on base; Fort Wayne 9 - Great Lakes 2
TOP OF THE 9TH
Fort Wayne TinCaps batting - Pitching for Great Lakes Loons : RHP Adonis Loyd
Batting: LHB Angel Mejia 0-0: Called Strike
0-1: Called Strike
0-2: Foul Ball, location: 2F
0-2: DOUBLE (Flyball, 78D, EV 93.8 MPH)
Batting: RHB Davey Verhoog 0-0: Ground out 4-3 (Groundball, 4MS, EV 82.5 MPH)
Angel Mejia to third
Batting: RHB Rich Justice 0-0: Ball
1-0: Fly out, F3 (Line Drive, 3, EV 63.8 MPH)
Batting: SHB Adam Martin 0-0: Called Strike
0-1: Ball
1-1: SINGLE (Line Drive, 5D, EV 95.6 MPH)
Angel Mejia scores
Pitching: RHP Santiago Montero
Batting: RHB Rodolfo Rivera 0-0: Ball
1-0: Ball
2-0: Called Strike
2-1: Foul Ball, location: 2F
2-2: Ball
3-2: Foul Ball, location: 2F
3-2: Strikes out swinging
Top of the 9th over - 1 run, 2 hits, 0 errors, 1 left on base; Fort Wayne 10 - Great Lakes 2
BOTTOM OF THE 9TH
Great Lakes Loons batting - Pitching for Fort Wayne TinCaps : RHP Travis White
Batting: LHB Jim Chalk 0-0: Ball
1-0: Ball
2-0: Foul Ball, location: 2F
2-1: Foul Ball, location: 2F
2-2: Ground out 4-3 (Groundball, 4S, EV 83.1 MPH)
Batting: LHB Alberto Chavez 0-0: Ball
1-0: Foul Ball, location: 2F
1-1: Ball
2-1: Foul Ball, location: 2F
2-2: Ball
3-2: Strikes out swinging
Batting: RHB Ashton Crenshaw 0-0: Ground out 5-3 (Groundball, 56, EV 105.6 MPH)
Bottom of the 9th over - 0 runs, 0 hits, 0 errors, 0 left on base; Fort Wayne 10 - Great Lakes 2
Thursday, March 31st , 2022 - OOTP Baseball 22.12 Build 89